 Dungeon Crawl Stone Soup version 0.19.4-8-ga85b6b9 (webtiles) character file.

82536 tself55 the Devastator (level 15, -18/80 HPs)
             Began as a Deep Elf Conjurer on Feb 8, 2017.
             Was a High Priest of Vehumet.
             Demolished by a white ugly thing (24 damage)
             ... on level 14 of the Dungeon on Feb 9, 2017.
             The game lasted 01:31:30 (25633 turns).

tself55 the Devastator (Deep Elf Conjurer)         Turns: 25633, Time: 01:31:30

Health: -18/80     AC: 11    Str:  7    XL:     15   Next: 29%
Magic:  7/37       EV: 23    Int: 27    God:    Vehumet [*****.]
Gold:   1605       SH:  0    Dex: 15    Spells: 12 memorised, 4 levels left

rFire  . . .     SeeInvis +     X - +8 whip "Snakebite" {curare, rPois}
rCold  . . .     Gourm    .     Q - +0 steam dragon scales
rNeg   . . .     Faith    .     i - +0 buckler
rPois  +         Spirit   .     x - +1 helmet
rElec  .         Reflect  .     P - +1 cloak {+Inv}
rCorr  .         Harm     .     h - +1 pair of gloves
MR     +....                    (no boots)
Stlth  +.........               (no amulet)
                                p - ring of see invisible
                                D - +5 ring of evasion

@: confused
A: strong 1
a: Renounce Religion, Evoke Invisibility


You were on level 14 of the Dungeon.
You worshipped Vehumet.
Vehumet was extremely pleased with you.
You were not hungry.

You visited 3 branches of the dungeon, and saw 21 of its levels.

You collected 1822 gold pieces.
You spent 217 gold pieces at shops.

Inventory:

Hand Weapons
 X - the +8 whip "Snakebite" (weapon) {curare, rPois}
   (You found it on level 4 of the Lair of Beasts)

   It poisons the flesh of those it strikes.
   It protects you from poison.
Armour
 h - a +1 pair of gloves (worn)
 i - a +0 buckler (worn)
 x - a +1 helmet (worn)
 I - a +0 robe of magic resistance
 P - a +1 cloak of invisibility (worn)
 Q - +0 steam dragon scales (worn)
Jewellery
 p - a ring of see invisible (right hand)
 D - a +5 ring of evasion (left hand)
 H - an uncursed ring of protection from cold
 M - an uncursed ring of ice
 Y - a +2 ring of intelligence
Wands
 b - a wand of acid (4/15)
 d - a wand of disintegration (19/24)
 q - a wand of lightning (6/15)
 s - a wand of teleportation (4/9)
 u - a wand of teleportation (3/9)
 A - a wand of iceblast (6/15)
 K - a wand of digging (0/24)
 U - a wand of paralysis (10/24)
Scrolls
 f - 2 scrolls of fog
 g - 3 scrolls of enchant armour
 j - 10 scrolls of remove curse
 l - 7 scrolls of recharging
 t - 2 scrolls of enchant weapon
 z - 2 scrolls of amnesia
 C - a scroll of silence
 G - 3 scrolls of magic mapping
 S - 3 scrolls of identify
 V - 3 scrolls of teleportation
Potions
 e - 6 potions of curing
 k - a potion of resistance
 n - a potion of invisibility
 r - a potion of berserk rage
 v - 2 potions of ambrosia
 w - 2 potions of agility
 B - a potion of flight
 E - a potion of magic
 J - a potion of brilliance
 L - a potion of cancellation
Comestibles
 a - 4 chunks of flesh
 c - 18 bread rations
 m - 11 meat rations
 o - a royal jelly
 R - a beef jerky
 T - 8 fruits


   Skills:
 + Level 4.0 Fighting
 - Level 5.1 Maces & Flails
 - Level 10.0 Dodging
 - Level 2.4 Stealth
 + Level 16.2 Spellcasting
 + Level 17.4 Conjurations
 - Level 10.3 Charms
 - Level 9.4 Necromancy
 - Level 7.7 Fire Magic
 * Level 2.9 Ice Magic
 - Level 5.3 Earth Magic


You had 4 spell levels left.
You knew the following spells:

 Your Spells              Type           Power        Failure   Level  Hunger
a - Magic Dart            Conj           ####         0%          1    None
b - Flame Tongue          Conj/Fire      #####        1%          1    None
c - Iskenderun's Battles  Conj/Chrm      #######.     1%          5    None
d - Iskenderun's Mystic   Conj           #######.     1%          4    None
e - Dazzling Spray        Conj/Hex       ######       1%          3    None
f - Bolt of Magma         Conj/Fire/Erth ######....   1%          5    None
g - Bolt of Draining      Conj/Necr      #######...   1%          5    None
h - Iron Shot             Conj/Erth      ######....   2%          6    ###....
i - Freezing Cloud        Conj/Ice/Air   ######....   11%         6    ###....
n - Regeneration          Chrm/Necr      ######....   1%          3    None
p - Apportation           Tloc           ###.......   4%          1    None
r - Searing Ray           Conj           ######       0%          2    None


Dungeon Overview and Level Annotations

Branches:
Dungeon (14/15)            Temple (1/1) D:5            Lair (6/6) D:10
 Shoals (0/4) Lair:3        Snake (0/4) Lair:3        Slime (0/5) Lair:6
    Orc (0/2) D:9
 Vaults: D:13-14

Altars:
Ashenzari
Cheibriados
Dithmenos
Elyvilon
Fedhas
Gozag
Hepliaklqana
Makhleb
Nemelex Xobeh
Okawaru
Qazlal
Ru
Sif Muna
Trog
Vehumet
Xom
Yredelemnul
Zin
Jiyva

Shops:
D:5 *   D:14 ?*

Annotations:
D:14 2 runed doors


Innate Abilities, Weirdness & Mutations

Your muscles are strong. (Str +2)


Message History

You feel much better. The white ugly thing engulfs you!
The white ugly thing freezes you!!
* * * LOW HITPOINT WARNING * * *
The white ugly thing barely misses you.
Okay, then.
Casting: Dazzling Spray
Confirm with . or Enter, or press ? or * to list all spells.
Okay, then.
Unknown command.
Casting: Dazzling Spray
Confirm with . or Enter, or press ? or * to list all spells.
You don't have enough magic to cast that spell.
Unknown command.
Unknown command.
You are confused.
You feel invigorated. The white ugly thing barely misses you.
The white ugly thing headbutts you.
* * * LOW HITPOINT WARNING * * *
The white ugly thing freezes you!!
You die...

#...)..........##
#.............## .#
##............##
...###........#.#..#
...........†........#
...........?†..#.#.#.#
.....................##
............uu....#.#.#
.............@....#...##
..................∩.######
...................##
#.................##
#........>......##
#.............##
#...........##
#.........## ##.......##


You could see 2 ugly things.

Vanquished Creatures
  Rupert (D:12)
  Azrael (D:12)
  Josephine (D:14)
  A fire dragon (Lair:6)
  9 hydras
  3 centaur warriors (D:13)
  Erica (D:9)
  A catoblepas (Lair:6)
  3 death yaks (Lair:6)
  A fire crab (Lair:5)
  The ghost of tself55 the Destroyer, a novice DECj of Vehumet (D:8)
  Nergalle (Lair:3)
  4 hill giants
  Pikel (D:6)
  2 unseen horrors
  3 lindwurms
  14 ugly things
  A cyclops (D:12)
  5 black mambas
  3 slime creatures
  6 elephants
  Psyche (D:8)
  3 gargoyles
  3 torpor snails
  12 komodo dragons
  12 spiny frogs
  6 rime drakes
  5 trolls
  A two-headed ogre (D:8)
  Grinder (D:5)
  A meliai (D:14)
  2 tyrant leeches (Lair:6)
  2 hornets
  25 blink frogs
  Prince Ribbit (D:9)
  11 hippogriffs
  12 dream sheep
  2 spriggans
  A shadow (D:11)
  A vampire (D:11)
  3 wraiths (D:14)
  6 wyverns
  61 yaks
  5 basilisks
  3 steam dragons (Lair:6)
  A hungry ghost (D:13)
  2 fire elementals (D:12)
  2 vampire mosquitoes (D:14)
  A swamp worm (Lair:6)
  4 nagas (Lair:3)
  4 mottled dragons
  A soldier ant (D:13)
  18 water moccasins
  13 porcupines
  Duvessa (D:6)
  3 hell hounds (D:12)
  A swamp drake (Lair:6)
  3 black bears
  7 orc warriors
  2 eyes of draining
  2 ice beasts (D:12)
  6 sky beasts
  A slave (D:6)
  6 ogres
  3 phantoms
  10 wolves
  13 centaurs
  17 crocodiles
  Blork the orc (D:6)
  A big kobold (D:11)
  17 bullfrogs
  Dowan (D:6)
  A wyvern skeleton (D:14)
  3 scorpions
  A water moccasin skeleton (D:3)
  15 killer bees
  4 wights (D:9)
  7 howler monkeys
  An electric eel (Lair:1)
  7 crimson imps
  3 centaur zombies
  2 bullfrog zombies
  3 jellies
  7 hounds
  4 centaur skeletons
  12 orc priests
  4 bullfrog skeletons
  5 iguanas
  16 orc wizards
  9 worker ants
  2 hound zombies (D:8)
  2 hound skeletons
  A worker ant zombie (D:7)
  7 gnolls
  14 adders
  3 shadow imps (D:5)
  2 oozes
  An adder zombie (D:5)
  3 worms
  6 leopard geckos
  54 orcs
  4 bats
  7 giant cockroaches
  6 goblins
  10 hobgoblins
  18 jackals
  6 quokkas
  2 ball pythons
  5 frilled lizards
  11 kobolds
  A leopard gecko skeleton (D:6)
  A quokka skeleton (D:4)
  8 rats
662 creatures vanquished.

Vanquished Creatures (others)
  An ogre (D:6)
  A bullfrog (D:6)
  A killer bee (D:12)
  An electric eel (D:12)
  An orc priest (D:9)
  An orc wizard (D:12)
  A hound zombie (D:9)
  3 gnolls (D:9)
  An adder (D:6)
  A leopard gecko (D:9)
  4 orcs
  4 fungi
  11 plants
  7 toadstools (Lair:3)
38 creatures vanquished.

Grand Total: 700 creatures vanquished

Notes
Turn   | Place    | Note
-------+----------+-------------------------------------------
     0 | D:1      | tself55 the Deep Elf Conjurer began the quest for the Orb.
     0 | D:1      | Reached XP level 1. HP: 10/10 MP: 6/6
   274 | D:1      | Reached XP level 2. HP: 13/15 MP: 5/8
   311 | D:1      | Learned a level 2 spell: Searing Ray
   591 | D:1      | Reached skill level 5 in Conjurations
   808 | D:2      | Reached XP level 3. HP: 19/19 MP: 5/10
  1380 | D:2      | Found a shattered altar of Ashenzari.
  1396 | D:2      | Reached XP level 4. HP: 24/24 MP: 10/12
  1539 | D:2      | You fall through a shaft for 2 floors!
  1831 | D:3      | Reached skill level 6 in Conjurations
  2177 | D:3      | Reached XP level 5. HP: 14/28 MP: 7/14
  2458 | D:3      | Learned a level 5 spell: Iskenderun's Battlesphere
  2635 | D:3      | Reached skill level 1 in Charms
  2967 | D:3      | Reached skill level 5 in Spellcasting
  2971 | D:3      | Reached XP level 6. HP: 21/32 MP: 6/15
  3148 | D:4      | Reached skill level 7 in Conjurations
  4173 | D:4      | Reached XP level 7. HP: 36/36 MP: 12/17
  4471 | D:4      | Learned a level 4 spell: Iskenderun's Mystic Blast
  4475 | D:4      | Learned a level 3 spell: Dazzling Spray
  4496 | D:5      | Entered Level 5 of the Dungeon
  4822 | D:5      | Reached skill level 5 in Charms
  4916 | D:5      | Found Jimidghu's Assorted Antiques.
  4916 | D:5      | Noticed Grinder
  4923 | D:5      | Killed Grinder
  4923 | D:5      | Reached skill level 8 in Conjurations
  5007 | D:5      | Found a snail-covered altar of Cheibriados.
  5070 | D:5      | Found a staircase to the Ecumenical Temple.
  5098 | Temple   | Entered the Ecumenical Temple
  5128 | Temple   | Became a worshipper of Vehumet
  5490 | D:5      | Reached XP level 8. HP: 41/41 MP: 11/20
  5990 | D:6      | Noticed Blork the orc
  5994 | D:6      | Killed Blork the orc
  6063 | D:6      | Noticed Pikel
  6067 | D:6      | Killed Pikel
  6067 | D:6      | Reached skill level 9 in Conjurations
  6341 | D:6      | Reached XP level 9. HP: 45/45 MP: 19/22
  6343 | D:6      | Noticed Duvessa
  6344 | D:6      | Noticed Dowan
  6350 | D:6      | Killed Duvessa
  6355 | D:6      | Reached * piety under Vehumet
  6355 | D:6      | Offered knowledge of Flame Tongue by Vehumet.
  6373 | D:6      | Killed Dowan
  6575 | D:6      | Reached skill level 10 in Charms
  6809 | D:7      | Found a shattered altar of Ashenzari.
  6939 | D:7      | Found a blossoming altar of Fedhas.
  7026 | D:7      | Reached skill level 10 in Conjurations
  7245 | D:7      | Learned a level 1 spell: Flame Tongue
  7253 | D:7      | Found a basalt altar of Yredelemnul.
  7707 | D:8      | Noticed tself55's ghost (novice DECj)
  7713 | D:8      | Killed tself55's ghost
  8033 | D:8      | Reached ** piety under Vehumet
  8038 | D:8      | Reached skill level 11 in Conjurations
  8174 | D:8      | Offered knowledge of Shock by Vehumet.
  8440 | D:8      | Reached XP level 10. HP: 50/50 MP: 18/25
  8825 | D:9      | Noticed Psyche
  8826 | D:9      | Noticed Prince Ribbit
  8842 | D:8      | Killed Psyche
  9016 | D:9      | Reached skill level 5 in Dodging
  9081 | D:9      | Killed Prince Ribbit
  9285 | D:9      | Offered knowledge of Stone Arrow by Vehumet.
  9383 | D:9      | Reached *** piety under Vehumet
  9493 | D:9      | Noticed Erica
  9498 | D:9      | Killed Erica
  9498 | D:9      | Reached skill level 10 in Spellcasting
  9498 | D:9      | Reached skill level 12 in Conjurations
  9571 | D:9      | Found a staircase to the Orcish Mines.
  9781 | D:9      | Offered knowledge of Static Discharge by Vehumet.
 10245 | D:9      | Noticed a hill giant
 10252 | D:9      | Killed a hill giant
 10252 | D:9      | Reached skill level 5 in Fire Magic
 10323 | D:9      | Reached XP level 11. HP: 54/54 MP: 15/27
 10657 | D:10     | Entered Level 10 of the Dungeon
 10856 | D:10     | Found a staircase to the Lair.
 10882 | D:10     | Got a brightly glowing spear
 10883 | D:10     | Identified the cursed +2 spear of Deg Nust {pierce, rN+} (You found it on level 10 of the Dungeon)
 10957 | D:10     | Reached skill level 13 in Conjurations
 10958 | D:10     | Reached **** piety under Vehumet
 11428 | Lair:1   | Entered Level 1 of the Lair of Beasts
 11428 | Lair:1   | Noticed a five-headed hydra
 11432 | Lair:1   | Killed a five-headed hydra
 11751 | Lair:1   | Noticed a four-headed hydra
 11754 | Lair:1   | Killed a four-headed hydra
 12328 | Lair:2   | Reached skill level 14 in Conjurations
 12521 | Lair:2   | Noticed a seven-headed hydra
 12527 | Lair:2   | Killed a seven-headed hydra
 12672 | Lair:2   | Offered knowledge of Bolt of Magma by Vehumet.
 12684 | Lair:2   | Learned a level 5 spell: Bolt of Magma
 13016 | Lair:2   | Reached XP level 12. HP: 43/59 MP: 15/30
 13543 | Lair:3   | Noticed a seven-headed hydra
 13546 | Lair:3   | Killed a seven-headed hydra
 13625 | Lair:3   | Found a staircase to the Shoals.
 13632 | Lair:3   | Noticed a seven-headed hydra
 13637 | Lair:3   | Killed a seven-headed hydra
 13651 | Lair:3   | Reached skill level 15 in Conjurations
 13828 | Lair:3   | Noticed Nergalle
 14286 | Lair:3   | Found a staircase to the Snake Pit.
 14292 | Lair:3   | Killed Nergalle
 14389 | Lair:3   | Reached skill level 10 in Dodging
 14675 | Lair:3   | Reached skill level 1 in Fighting
 14678 | Lair:3   | Reached ***** piety under Vehumet
 14868 | Lair:3   | Found a runed door.
 15054 | Lair:3   | Offered knowledge of Bolt of Draining by Vehumet.
 15061 | Lair:3   | Learned a level 5 spell: Bolt of Draining
 15075 | Lair:3   | Reached skill level 1 in Necromancy
 15597 | Lair:4   | Reached XP level 13. HP: 57/68 MP: 4/32
 15900 | Lair:4   | Learned a level 1 spell: Apportation
 16258 | Lair:4   | Reached skill level 16 in Conjurations
 16259 | Lair:4   | Reached skill level 5 in Necromancy
 17011 | Lair:4   | Identified a scroll of acquirement
 17511 | Lair:5   | Reached skill level 1 in Maces & Flails
 18029 | Lair:5   | You fall through a shaft!
 18029 | Lair:6   | Entered Level 6 of the Lair of Beasts
 18291 | Lair:6   | Offered knowledge of Sticky Flame by Vehumet.
 19082 | Lair:6   | Found a staircase to the Slime Pits.
 19082 | Lair:6   | Found a viscous altar of Jiyva.
 19117 | Lair:6   | Reached XP level 14. HP: 74/74 MP: 30/34
 20582 | D:11     | Reached skill level 15 in Spellcasting
 21092 | D:11     | Learned a level 3 spell: Regeneration
 21542 | D:11     | Offered knowledge of Iron Shot by Vehumet.
 21550 | D:11     | Learned a level 6 spell: Iron Shot
 22027 | D:12     | Reached skill level 1 in Earth Magic
 22061 | D:12     | Gained mutation: Your muscles are strong. (Str +2) [potion of beneficial mutation]
 22264 | D:12     | Noticed Azrael
 22269 | D:12     | Killed Azrael
 22276 | D:12     | Noticed Rupert
 22279 | D:12     | Killed Rupert
 22279 | D:12     | Reached skill level 17 in Conjurations
 23576 | D:13     | Reached skill level 5 in Maces & Flails
 24297 | D:14     | Reached XP level 15. HP: 78/78 MP: 29/36
 24385 | D:14     | Found a runed door.
 24394 | D:14     | Found Usemuc's Magic Scroll Shoppe.
 24397 | D:14     | Bought a scroll of blinking for 112 gold pieces
 24409 | D:14     | Found a runed door.
 24481 | D:14     | Noticed Josephine
 24494 | D:14     | Killed Josephine
 24649 | D:14     | Reached skill level 5 in Earth Magic
 24802 | D:14     | Found Kyeco's Assorted Antiques.
 24811 | D:14     | Bought a lumpy garnet amulet for 105 gold pieces
 24958 | D:13     | Offered knowledge of Freezing Cloud by Vehumet.
 24966 | D:13     | Learned a level 6 spell: Freezing Cloud
 25015 | D:13     | Reached skill level 1 in Ice Magic
 25633 | D:14     | Demolished by a white ugly thing

Skill      XL: |  1  2  3  4  5  6  7  8  9 10 11 12 13 14 15 |
---------------+----------------------------------------------+-----
Conjurations   | 5 6 7 8 9 11 12 14 15 16 17 | 17.4
Spellcasting   | 4 5 6 7 9 10 12 13 14 15 16 | 16.2
Charms         | 2 4 6 9 10 | 10.3
Dodging        | 4 6 8 10 | 10.0
Fire Magic     | 2 5 6 7 |  7.7
Fighting       | 2 3 4 |  4.0
Necromancy     | 3 8 9 |  9.4
Maces & Flails | 2 5 |  5.1
Earth Magic    | 4 5 |  5.3
Ice Magic      | 2 |  2.9
Stealth        | |  2.4

Action                   |  1- 3 |  4- 6 |  7- 9 | 10-12 | 13-15 || total
-------------------------+-------+-------+-------+-------+-------++-------
Melee: Dagger            |       |     4 |    17 |     4 |       ||    25
       Scimitar          |       |       |       |    26 |     7 ||    33
       Whip              |       |       |       |       |   145 ||   145
 Cast: Magic Dart        |    75 |   107 |   174 |   323 |   279 ||   958
       Searing Ray       |       |     9 |     6 |     5 |       ||    20
       Iskenderun's Batt |       |     2 |    27 |    66 |    73 ||   168
       Iskenderun's Myst |       |       |     4 |    59 |    67 ||   130
       Flame Tongue      |       |       |       |     3 |       ||     3
       Dazzling Spray    |       |       |       |     4 |    12 ||    16
       Bolt of Magma     |       |       |       |    12 |    71 ||    83
       Bolt of Draining  |       |       |       |     4 |   108 ||   112
       Regeneration      |       |       |       |       |     2 ||     2
       Iron Shot         |       |       |       |       |     1 ||     1
Evoke: Wand              |       |       |     1 |     3 |       ||     4
  Use: Scroll            |       |     8 |     9 |    13 |    15 ||    45
       Potion            |       |       |     1 |     3 |     6 ||    10
 Stab: Invisible         |       |       |     1 |       |     1 ||     2
  Eat: Chunk             |     1 |     6 |    12 |    28 |    27 ||    74
       Bread ration      |       |     1 |     1 |     1 |       ||     3
       Pizza             |       |       |     1 |     1 |     1 ||     3
       Beef jerky        |       |       |       |       |     1 ||     1
Armor: Robe              |       |     8 |     7 |    19 |    15 ||    49
       Steam dragon scal |       |       |       |       |    30 ||    30
Dodge: Dodged            |     1 |    25 |    44 |    96 |   258 ||   424
Block: Buckler           |       |       |       |    14 |    45 ||    59
       Rpst.: Scimitar   |       |       |       |    16 |     9 ||    25
